 Dungeon Crawl Stone Soup version 0.30.1-9-gdf580d7c3d (webtiles) character file.

Game seed: 17807895633303209656

2345 pop123321pop the Destroyer (level 9, 0/42 HPs)
             Began as a Spriggan Conjurer on Sept 30, 2023.
             Was a Follower of Sif Muna.
             Slain by a killer bee (5 damage)
             ... on level 7 of the Dungeon.
             The game lasted 00:22:32 (9718 turns).

pop123321pop the Destroyer (Spriggan Conjurer)      Turns: 9718, Time: 00:22:32

Health: 0/42       AC:  2    Str:  3    XL:     9   Next: 20%
Magic:  17/24      EV: 18    Int: 23    God:    Sif Muna [*.....]
Gold:   255        SH:  3    Dex: 14    Spells: 21/24 levels left

rFire   . . .        j - +2 short sword (speed)
rCold   . . .        p - +0 buckler
rNeg    . . .        a - +0 robe
rPois   .            (helmet restricted)
rElec   +            (no cloak)
rCorr   .            (gloves unavailable)
SInv    +            (boots unavailable)
Will    +....        (no amulet)
Stlth   ++           (no ring)
HPRegen 0.27/turn    (no ring)
MPRegen 0.19/turn

%: no passive effects
@: about to teleport, very quick
A: very small, no large weapons, unfitting armour, see invisible, speed 3, high
MP 1, sense surroundings 1, robust 1, electricity resistance
a: Renounce Religion, Channel Magic


You were on level 7 of the Dungeon.
You worshipped Sif Muna.
Sif Muna was aware of your devotion.
You visited 2 branches of the dungeon, and saw 8 of its levels.

You collected 255 gold pieces.

Inventory:

Hand Weapons
 j - a +2 short sword of speed (weapon)
Armour
 a - a +0 robe (worn)
 o - an orb of wrath
 p - a +0 buckler (worn)
Jewellery
 d - a +4 ring of protection
 t - a ring of fire
 v - a +4 ring of slaying
 x - a ring of resist corrosion
Wands
 f - a wand of iceblast (2)
 l - a wand of polymorph (9)
 q - a wand of paralysis (16)
Scrolls
 i - 2 scrolls of amnesia
 k - 2 scrolls of immolation
 w - a scroll of fear {unknown}
 y - a scroll of enchant armour
 A - 3 scrolls of identify
 B - a scroll of magic mapping {unknown}
Potions
 b - 3 potions of magic
 c - 2 potions of lignification {unknown}
 e - 6 potions of degeneration
 g - a potion of haste {unknown}
 h - a potion of brilliance
 m - 3 potions of might
 n - a potion of mutation
 r - a potion of flight {unknown}
 s - a potion of heal wounds
 u - a potion of invisibility {unknown}


   Skills:
 + Level 5.5 Dodging
 - Level 3.0 Stealth
 - Level 8.1 Spellcasting
 - Level 8.2 Conjurations


You had 21 spell levels left.
You knew the following spells:

 Your Spells              Type           Power      Damage    Failure   Level
a - Magic Dart            Conj           100%       1d8       1%          1
b - Searing Ray           Conj           94%        2d7       1%          2

Your spell library contained the following spells:

 Spells                   Type           Power      Damage    Failure   Level
 Dazzling Flash           Conj/Hex       56%        N/A       9%          3
 Necrotise                Necr           36%        1d5       16%         1
 Sublimation of Blood     Necr           9%         N/A       22%         2
 Wereblood                Tmut           9%         N/A       22%         2
 Fulminant Prism          Conj/Hex       14%        3d8       28%         4
 Iskenderun's Mystic Bla  Conj/Tloc      28%        2d7       28%         4
 Vampiric Draining        Necr           9%         2d6       41%         3
 Animate Armour           Summ/Erth      18%        N/A       83%         4
 Agony                    Necr           9%         N/A       99%         5
 Blade Hands              Tmut           4%         N/A       99%         5
 Silence                  Hex/Air        4%         N/A       99%         5
 Iron Shot                Conj/Erth      14%        9d4       99%         6
 Summon Hydra             Summ           4%         N/A       100%        7


Dungeon Overview and Level Annotations

Branches:
Dungeon (7/15)             Temple (1/1) D:5

Altars:
Ashenzari
Cheibriados
Dithmenos
Elyvilon
Gozag
Hepliaklqana
Kikubaaqudgha
Makhleb
Nemelex Xobeh
Qazlal
Ru
Sif Muna
Trog
Uskayaw
Vehumet
Wu Jian
Xom
Zin
The Shining One

Shops:
D:1 [

Annotations:
Temple 4 transporters


Innate Abilities, Weirdness & Mutations

You are very small and have problems with some larger weapons.
You are too small for most types of armour.
You have supernaturally acute eyesight. (SInv)
You cover ground extremely quickly. (Speed+++)
You have an increased reservoir of magic. (+10% MP)
You passively map a small area around you.
You are robust. (+10% HP)
You are resistant to electric shocks. (rElec)


Message History

You feel sick.
Casting: Magic Dart (safe; 1% risk of failure)
Confirm with . or Enter, or press ? or * to list all spells.
Aiming: Magic Dart (safe; 1% risk of failure)
Press: ? - help, Shift-Dir - straight line, f/p - killer bee
Aim: a killer bee (100% to hit)
The magic dart hits the killer bee.
The killer bee is lightly wounded.
You feel sick.
Casting: Magic Dart (safe; 1% risk of failure)
Confirm with . or Enter, or press ? or * to list all spells.
Aiming: Magic Dart (safe; 1% risk of failure)
Press: ? - help, Shift-Dir - straight line, f/p - killer bee
Aim: a killer bee (lightly wounded, 100% to hit)
The magic dart hits the killer bee.
The killer bee is moderately wounded.
You feel sick.
You feel sick. The killer bee misses you. The killer bee stings you!
The killer bee attacks as you move away!
The killer bee barely misses you.
You feel sick.
You are no longer poisoned.
The killer bee attacks as you move away!
You block the killer bee's attack.
Casting: Magic Dart (safe; 1% risk of failure)
Confirm with . or Enter, or press ? or * to list all spells.
Aiming: Magic Dart (safe; 1% risk of failure)
Press: ? - help, Shift-Dir - straight line, f/p - killer bee
Aim: a killer bee (moderately wounded, 100% to hit)
The magic dart hits the killer bee.
The killer bee is heavily wounded.
The killer bee stings you.
* * * LOW HITPOINT WARNING * * *
The killer bee barely misses you.
As you read the scroll of teleportation, it crumbles to dust.
You feel strangely unstable. The killer bee closely misses you.
The killer bee stings you.
* * * LOW HITPOINT WARNING * * *
The killer bee barely misses you. The killer bee stings you.
You die...

*** * * #... .#.... *
##.###.#### #. * , ,*
#. ,*
####################**
*
...........#........,
* * .#########.#.#####
, * .....#.....#...y.#
, ,
####.#.#########@#,* *
*** *
.....#.......†...#,,
##################*
*######## ##### #.#
#.## ##......#
##...###.#
##.###.#####.#
#.###.##.# ##.#.## #.#
### #####.#......#
##.## #.# #..
......#.#.#### ###
#.###.. ####.#...##
#......


You could see a killer bee.

Vanquished Creatures
  A shadow (D:6)
  3 yaks
  A water moccasin (D:7)
  An ice beast (D:7)
  2 black bears
  An ogre (D:7)
  A kobold brigand (D:7)
  3 phantoms
  A gnoll sergeant (D:5)
  A bullfrog (D:7)
  A scorpion (D:5)
  4 wights (D:6)
  A killer bee (D:7)
  A howler monkey (D:4)
  A hound (D:4)
  A jelly (D:6)
  A sleepcap (D:6)
  4 iguanas
  3 orc wizards
  Ijyb (D:5)
  11 adders
  A shadow imp (D:6)
  A white imp (D:6)
  2 ufetubi
  A worm (D:2)
  2 dart slugs
  12 orcs
  6 ball pythons
  9 endoplasms
  3 giant cockroaches
  5 goblins
  6 hobgoblins
  4 jackals
  6 quokkas
  6 bats
  4 frilled lizards
  7 kobolds
  7 rats
126 creatures vanquished.

Notes
Turn   | Place    | Note
-------+----------+-------------------------------------------
     0 | D:1      | pop123321pop the Spriggan Conjurer began the quest for the
                  | Orb.
     0 | D:1      | Reached XP level 1. HP: 9/9 MP: 5/5
     1 | D:1      | Noticed an elf
     3 | D:1      | Noticed a demonspawn zombie
     3 | D:1      | Noticed a troll
     9 | D:1      | Noticed a demonspawn zombie
    11 | D:1      | Noticed a merfolk zombie
    16 | D:1      | Noticed an ogre
    18 | D:1      | Noticed a barachi
    20 | D:1      | Noticed a ghoul
    22 | D:1      | Noticed a troll
   431 | D:1      | Reached XP level 2. HP: 13/13 MP: 3/6
   926 | D:1      | Found Baopuh's Armour Emporium.
   926 | D:1      | Noticed an animated pearl dragon scales
   926 | D:1      | Noticed an animated pearl dragon scales
  1498 | D:2      | Reached XP level 3. HP: 16/16 MP: 6/8
  2026 | D:2      | Reached XP level 4. HP: 21/21 MP: 4/9
  2141 | D:2      | Found a faded altar of an unknown god.
  3822 | D:3      | Learned a level 2 spell: Searing Ray
  4253 | D:4      | Found a broken altar of Ashenzari.
  4270 | D:4      | Reached XP level 5. HP: 24/24 MP: 7/10
  4301 | D:4      | Noticed a phantom
  4337 | D:4      | Killed a phantom
  4338 | D:4      | Reached skill level 5 in Conjurations
  4441 | D:4      | Reached XP level 6. HP: 28/28 MP: 2/13
  5086 | D:5      | Entered Level 5 of the Dungeon
  5086 | D:5      | Noticed a yak
  5086 | D:5      | Noticed a yak
  5086 | D:5      | Noticed a yak
  5207 | D:3      | Killed a yak
  5208 | D:3      | Reached skill level 5 in Spellcasting
  5405 | D:4      | Killed a yak
  5406 | D:4      | Reached XP level 7. HP: 32/32 MP: 0/18
  5577 | D:4      | Killed a yak
  6008 | D:5      | Noticed Ijyb
  6265 | D:5      | Killed Ijyb
  6386 | D:5      | Found a staircase to the Ecumenical Temple.
  6393 | Temple   | Entered the Ecumenical Temple
  6393 | Temple   | Found a transporter.
  6393 | Temple   | Found a transporter.
  6395 | Temple   | Found a transporter.
  6395 | Temple   | Found a transporter.
  6429 | Temple   | Became a worshipper of Sif Muna the Loreminder
  6846 | D:5      | Reached XP level 8. HP: 36/36 MP: 4/21
  9101 | D:7      | Reached XP level 9. HP: 15/39 MP: 9/22
  9102 | D:7      | Gained mutation: You passively map a small area around you.
                  | [potion of mutation]
  9102 | D:7      | Gained mutation: You have an increased reservoir of magic.
                  | (+10% MP) [potion of mutation]
  9102 | D:7      | Gained mutation: You are resistant to electric shocks.
                  | (rElec) [potion of mutation]
  9102 | D:7      | Gained mutation: You are robust. (+10% HP) [potion of
                  | mutation]
  9184 | D:7      | Found a burning altar of Makhleb.
  9184 | D:7      | Found a radiant altar of Vehumet.
  9187 | D:7      | Found a bloodstained altar of Trog.
  9189 | D:7      | Found an ancient bone altar of Kikubaaqudgha.
  9189 | D:7      | Found an ornate altar of the Wu Jian Council.
  9398 | D:7      | Found a glowing golden altar of the Shining One.
  9671 | D:7      | Reached skill level 5 in Dodging
  9705 | D:7      | Reached * piety under Sif Muna
  9718 | D:7      | Slain by a killer bee

Illustrated notes

Levels and vault maps discovered:
D:1:      shiori_arrival_whats_in_store_for_you, layout_loops_corners,
          serial_shops, nicolae_shop_mannequins
D:2:      layout_basic, shapermc_ecumenical_altar_gd,
          chequers_serial_rivers_micro_c
D:3:      layout_loops_ring
D:4:      layout_basic, ashenzari_altar_1, hangedman_decor_clover_reticule,
          minmay_circle_x
D:5:      kennysheep_big_flooded_room, layout_basic,
          minmay_temple_entry_gardened_gates, portal_sewer_entry_d, uniq_ijyb
D:6:      layout_basic
D:7:      layout_loops_ring, grunt_temple_overflow_open, tso_metal_star,
          amethyst_overflow_temple_binary, roderic_serpentine_path
Temple:   hellmonk_temple_divided_pantheon

Skill      XL: |  1  2  3  4  5  6  7  8  9 |
---------------+----------------------------+-----
Conjurations   | 3 4 5 6 8 |  8.2
Spellcasting   | 4 6 8 |  8.1
Dodging        | 5 |  5.5
Stealth        | |  3.0

Action                     |  1- 3 |  4- 6 |  7- 9 || total
---------------------------+-------+-------+-------++-------
  Melee: Short sword       |       |     9 |     7 ||    16
   Cast: Magic Dart        |    87 |   105 |   215 ||   407
         Searing Ray       |       |     9 |    26 ||    35
    Use: Scroll            |       |     9 |     2 ||    11
         Potion            |       |       |     3 ||     3
 Armour: Robe              |     3 |     4 |       ||     7
  Dodge: Dodged            |    19 |    15 |    38 ||    72
  Block: Buckler           |       |     2 |     1 ||     3
